 Dungeon Crawl Stone Soup version 0.27-a0-789-g6bb3289e1e (webtiles) character file.

Game seed: 2377725620255492027

19 dolemite99 the Caller (level 2, 0/13 HPs)
             Began as a Spriggan Summoner on Mar 26, 2021.
             Slain by a hobgoblin (2 damage)
             ... on level 2 of the Dungeon.
             The game lasted 00:02:53 (3146 turns).

dolemite99 the Caller (Spriggan Summoner)           Turns: 3146, Time: 00:02:53

Health: 0/13       AC:  2    Str:  4    XL:     2   Next: 55%
Magic:  0/6        EV: 17    Int: 16    God:
Gold:   23         SH:  0    Dex: 15    Spells: 3/6 levels left

rFire    . . .     SeeInvis +   c - +0 dagger
rCold    . . .     Faith    .   (shield restricted)
rNeg     . . .     Spirit   .   a - +0 robe
rPois    .         Reflect  .   (helmet restricted)
rElec    .         Harm     .   (no cloak)
rCorr    .         Rampage  .   (gloves unavailable)
Will     .....                  (boots unavailable)
Stlth    ++........             (no amulet)
HPRegen  0.04/turn              (no ring)
MPRegen  0.10/turn              (no ring)

@: very quick
A: very small, no large weapons, unfitting armour, see invisible, speed 3
a: no special abilities


You were on level 2 of the Dungeon.
You visited 1 branch of the dungeon, and saw 2 of its levels.

You collected 23 gold pieces.

Inventory:

Hand Weapons
 c - a +0 dagger (weapon)
 d - a +0 club
Armour
 a - a +0 robe (worn)
Jewellery
 b - a +6 ring of dexterity
Scrolls
 g - a scroll of enchant armour {unknown}
 h - a scroll of fear {unknown}
Potions
 e - 2 potions of invisibility {unknown}
 f - a potion of haste {unknown}
 i - a potion of resistance {unknown}
 j - a potion of lignification {unknown}
 k - a potion of curing {unknown}


   Skills:
 - Level 2.6 Dodging
 - Level 3.0 Stealth
 - Level 2.6 Spellcasting
 + Level 3.9 Summonings


You had 3 spell levels left.
You knew the following spells:

 Your Spells              Type           Power      Damage    Failure   Level
a - Call Imp              Summ           14%        N/A       6%          2
b - Summon Small Mammal   Summ           56%        N/A       3%          1

Your spell library contained the following spells:

 Spells                   Type           Power      Damage    Failure   Level
 Call Canine Familiar     Summ           14%        N/A       12%         3
 Summon Guardian Golem    Hex/Summ       8%         N/A       26%         3
 Summon Ice Beast         Ice/Summ       8%         N/A       65%         4
 Summon Lightning Spire   Summ/Air       8%         N/A       65%         4


Dungeon Overview and Level Annotations

Branches:
Dungeon (2/15)

Altars:


Innate Abilities, Weirdness & Mutations

You are very small and have problems with some larger weapons.
You are too small for most types of armour.
You have supernaturally acute eyesight. (SInv)
You cover ground extremely quickly. (Speed+++)


Message History

Casting: Call Imp (safe; 6% risk of failure)
Confirm with . or Enter, or press ? or * to list all spells.
Your crimson imp barely misses the kobold.
The hobgoblin hits your crimson imp but does no damage.
The kobold throws a stone.
The stone hits your bat.
The adder closely misses your crimson imp.
Your bat hits the kobold. x2; Your crimson imp hits the kobold.
The kobold dies!
The hobgoblin closely misses your crimson imp.
The adder bites your crimson imp. The adder misses your crimson imp.
Your crimson imp closely misses the adder.
The hobgoblin barely misses your crimson imp.
The adder misses your crimson imp. The hobgoblin hits your crimson imp.
Your bat hits the adder but does no damage.
Your bat hits the adder.
Your crimson imp hits the adder.
The hobgoblin barely misses your crimson imp.
You swap places.
Your bat closely misses the adder.
Your crimson imp blinks!
The hobgoblin misses you.
The adder bites your bat but does no damage.
Your bat hits the adder but does no damage.
You closely miss the hobgoblin.
Your bat closely misses the adder.
Your crimson imp blinks!
An adder comes into view.
The adder bites your bat.
Your bat dies!
Your bat's corpse disappears in a puff of smoke!
The hobgoblin closely misses you.
Casting: Summon Small Mammal (safe; 3% risk of failure)
Confirm with . or Enter, or press ? or * to list all spells.
You don't have enough magic to cast this spell.
Unknown command.
Casting: Summon Small Mammal (safe; 3% risk of failure)
Confirm with . or Enter, or press ? or * to list all spells.
The adder hisses angrily.
Your crimson imp blinks!
The hobgoblin closely misses you. The adder misses your bat.
The hobgoblin hits you.
You die...

###.##...####
......#<.S.#
#..##...#..#
.###.###..###.##..#
.........S###.##..#
####.###.#....##..#
#.#l#####..#
..#g#####..#
#..#.@bS).).#
#..#######5ยง# #..#
#..# .#..........#
.........#
#.######.# #.# #.#
.#


You could see 2 adders, a hobgoblin (ally target), a frilled lizard, a friendly
crimson imp (summoned) and a friendly bat (summoned).

Vanquished Creatures
  A ball python (D:2)
  A kobold (D:1)
  A rat (D:1)
3 creatures vanquished.

Vanquished Creatures (collateral kills)
  A dart slug (D:1)
  An endoplasm (D:1)
  4 goblins (D:1)
  3 hobgoblins (D:1)
  5 kobolds
  4 ball pythons (D:1)
  2 bats (D:1)
  A frilled lizard (D:1)
  3 rats (D:1)
24 creatures vanquished.

Grand Total: 27 creatures vanquished

Notes
Turn   | Place    | Note
-------+----------+-------------------------------------------
     0 | D:1      | dolemite99 the Spriggan Summoner began the quest for the
                  | Orb.
     0 | D:1      | Reached XP level 1. HP: 9/9 MP: 5/5
  1496 | D:1      | Reached XP level 2. HP: 5/13 MP: 2/6
  1679 | D:1      | Learned a level 2 spell: Call Imp
  3146 | D:2      | Slain by a hobgoblin

Illustrated notes

Levels and vault maps discovered:
D:1:      lightli_arrival_statue_moat, layout_basic, minmay_hedge_maze
D:2:      layout_loops_ring, serial_shops, shop, kennysheep_small_spiral

Action                   || total
-------------------------++-------
Melee: Dagger            ||    23
 Cast: Summon Small Mamm ||    38
       Call Imp          ||    15
Armor: Robe              ||    12
Dodge: Dodged            ||    74

Table legend: (Time is in decaauts)
 A = Elapsed time spent in this place.
 B = Non-inter-level travel time spent in this place.
 C = Inter-level travel time spent in this place.
 D = Time resting spent in this place.
 E = Time spent auto-exploring this place.
 F = Levels seen in this place.
 G = Mean time per level.
                   A        B        C        D        E       F      G
               +--------+--------+--------+--------+--------+-----+--------+
         Total |   2754 |   2746 |      8 |   1426 |    968 |   2 | 1377.0 |
       Dungeon |   2754 |   2746 |      8 |   1426 |    968 |   2 | 1377.0 |
               +--------+--------+--------+--------+--------+-----+--------+

Top non-repeatable levels by time:
     D:1: 2707 daAuts
     D:2: 46 daAuts
